Map: Temple of the Past

Players

Kosh

  • Race: Protoss Protoss
  • Spawn Location: 0:00

NamroodTuo

  • Race: Zerg Zerg

VOD

Have the link to the VOD?

Description

Time

  • Played on: March 5, 2023, 10:16 a.m.
  • Length: 26:32
Show
View Real Time Build Order
Export as new Build Order

Kosh Protoss 

Build Orders:  

Get SALT Encoding   

  12  0:06  Probe (Chrono Boost)  
  13  0:20  Probe (Chrono Boost)  
  14  0:31  Pylon  
  14  0:40  Probe (Chrono Boost)  
  15  0:55  Probe (Chrono Boost)  
  16  1:03  Gateway  
  16  1:09  Probe (Chrono Boost)  
  17  1:21  Assimilator  
  17  1:23  Probe (Chrono Boost)  
  17  1:27  Assimilator  
  18  1:37  Probe (Chrono Boost)  
  19  1:51  Probe (Chrono Boost)  
  20  2:05  Probe (Chrono Boost)  
  21  2:22  Pylon  
  21  2:24  Probe (Chrono Boost)  
  21  2:28  Pylon  
  22  2:42  Legionnaire  
  22  2:44  Kaldalis' A.I. Personality  
  25  2:56  Probe (Chrono Boost)  
  26  3:13  Cybernetics Core  
  26  3:14  Probe (Chrono Boost)  
  27  3:53  Probe (Chrono Boost)  
  28  4:00  Warp Gate  
  29  4:21  Probe (Chrono Boost)  
  29  4:40  Nexus  
  29  4:43  Pylon  
  29  4:49  Pylon  
  29  4:51  Talis' A.I. Personality  
  29  5:02  Gateway  
  29  5:03  Gateway  
  29  5:08  Pylon  
  29  5:14  Twilight Council  
  29  5:42  Assimilator  
  29  5:47  Assimilator  
  29  5:53  Probe (Chrono Boost)  
  30  6:03  Forge  
  30  6:08  Forge  
  30  6:13  Pylon  
  30  6:24  Adept x2  
  30  6:25  Adept  
  36  6:41  Psionic Projection  
  36  6:58  Probe (Chrono Boost)  
  38  7:01  Probe (Chrono Boost)  
  38  7:04  Legionnaire  
  38  7:08  Conservator  
  38  7:09  Conservator  
  45  7:30  Adept, Empowered Blades  
  45  7:36  Probe (Chrono Boost)  
  45  7:39  Probe (Chrono Boost)  
  49  7:52  Pylon  
  49  7:54  Robotics Facility  
  49  8:00  Stargate  
  49  8:08  Stargate  
  50  8:10  Probe (Chrono Boost)  
  50  8:11  Probe (Chrono Boost)  
  50  8:19  Debilitation System  
  51  8:58  Probe (Chrono Boost)  
  53  9:01  Probe (Chrono Boost)  
  53  9:04  Purifier Armaments  
  53  9:06  A Strong Heart  
  53  9:16  Protoss Ground Weapons Level 1  
  53  9:34  Robotics Bay  
  53  9:46  Adept x3  
  59  10:14  Probe (Chrono Boost)  
  59  10:17  Probe (Chrono Boost)  
  61  10:29  Probe (Chrono Boost)  
  62  10:34  Probe (Chrono Boost), Protoss Shields Level 1  
  62  10:35  Legionnaire x3  
  72  10:56  Observer  
  73  11:00  Charge, Gravitic Boosters  
  73  11:03  Scout x2  
  73  11:06  Mojo's A.I. Personality  
  79  11:23  Adept  
  79  11:24  Adept  
  79  11:26  Observer  
  84  11:56  Immortal  
  88  12:06  Taldarin's A.I. Personality  
  88  12:17  Probe (Chrono Boost)  
  90  12:20  Probe (Chrono Boost)  
  90  12:37  Probe (Chrono Boost)  
  91  12:41  Pylon  
  91  12:42  Pylon  
  91  12:54  Adept  
  91  12:58  Pylon x2  
  93  13:23  Extended Thermal Lance  
  93  13:33  Adept x3  
  97  13:52  Gateway  
  97  13:55  Gateway  
  97  13:59  Gateway x2  
  94  14:25  Pylon x2  
  94  14:27  Fleet Beacon  
  94  14:35  Legionnaire x3  
  103  14:44  Protoss Ground Weapons Level 2, Protoss Shields Level 2  
  103  14:51  Colossus  
  99  15:43  Probe (Chrono Boost)  
  99  15:45  Probe (Chrono Boost)  
  101  15:56  Probe (Chrono Boost), Photon Cannon  
  101  15:57  Photon Cannon  
  101  15:58  Photon Cannon  
  102  16:02  Probe (Chrono Boost)  
  103  16:10  Probe (Chrono Boost)  
  103  16:15  Combat Sensor Array  
  103  16:19  Probe (Chrono Boost), Carrier x2  
  117  16:24  Adept  
  117  16:25  Adept x2  
  123  16:42  Conservator x4  
  131  17:01  Probe (Chrono Boost)  
  131  17:04  Probe (Chrono Boost)  
  133  17:10  Pylon  
  133  17:12  Pylon  
  133  17:13  Pylon x2  
  133  17:15  Graviton Catapult  
  133  17:17  Pylon  
  133  17:19  Pylon  
  133  17:41  Photon Cannon  
  133  17:43  Photon Cannon  
  133  17:45  Photon Cannon  
  133  17:49  Photon Cannon  
  133  17:50  Photon Cannon x2  
  133  18:14  Protoss Shields Level 3, Protoss Ground Weapons Level 3  
  133  18:19  Scout x2  
  139  18:27  Pylon  
  139  18:34  Protoss Air Weapons Level 1  
  139  18:51  Immortal  
  131  19:29  Legionnaire  
  134  19:30  Legionnaire x2  
  134  19:34  Adept x4  
  148  19:40  Scout x2  
  148  19:45  Immortal  
  158  20:10  Carrier x2  
  154  20:42  Observer  
  155  21:12  Observer  
  156  21:26  Photon Cannon  
  156  21:28  Photon Cannon  
  156  21:31  Photon Cannon  
  156  21:44  Photon Cannon x2  
  156  21:47  Photon Cannon  
  156  21:48  Photon Cannon  
  156  21:50  Photon Cannon  
  156  21:54  Observation Protocol  
  156  21:59  Adept x4  
  164  22:24  Legionnaire x4  
  176  23:05  Protoss Air Weapons Level 2  
  176  23:20  Protoss Ground Armor Level 1  
  176  23:44  Scout x2  
  162  24:13  Legionnaire x4  
  162  24:17  Adept x3  
  169  26:05  Conservator x6  
Show
View Real Time Build Order
Export as new Build Order

NamroodTuo Zerg 

Build Orders:  

Get SALT Encoding   

  12  0:04  Infested SCV  
  13  0:12  Infested SCV  
  14  0:26  Overlord  
  14  0:34  Infested SCV  
  15  0:50  Infested Barracks  
  15  0:53  Infested SCV  
  16  1:05  Overlord  
  16  1:08  Infested SCV  
  17  1:21  Infested SCV  
  18  1:35  Infested Refinery  
  18  1:39  Infested Refinery  
  18  1:43  Overlord  
  18  2:19  Infested SCV  
  19  2:22  Infested SCV  
  20  2:43  Infested Bunker  
  20  2:49  Infested SCV  
  25  2:51  Infested SCV  
  26  3:16  Infested Engineering Bay  
  26  3:20  Overlord  
  26  3:23  Infested Marine  
  26  3:27  Infested Marine  
  26  3:28  Infested Marine x4  
  26  3:29  Infested Marine x2  
  34  3:30  Infested Marine  
  34  3:38  Infested Barracks Tech Lab  
  32  4:12  Overlord  
  32  4:13  Overlord  
  32  4:14  Infested SCV x2  
  34  4:49  Infested Marine x5  
  39  4:50  Infested Marine x2  
  41  5:07  Unknown  
  35  5:13  Regenerative Plating  
  35  5:36  Retinal Augmentation  
  35  5:40  Infested SCV x2  
  35  5:41  Infested SCV x3  
  40  6:03  Infested SCV  
  41  6:13  Stukov Infantry Weapons Level 1  
  41  6:20  Infested Command Center  
  34  6:31  Infested Barracks  
  34  6:53  Infested SCV  
  35  7:01  Infested Factory  
  35  7:06  Infested SCV  
  35  7:09  Overlord  
  36  7:10  Infested SCV  
  36  7:19  Infested Marine  
  38  7:20  Infested Marine x11  
  37  8:26  Plagued Munitions  
  37  8:30  Infested SCV x3  
  37  8:31  Infested SCV  
  41  8:53  Stukov Infantry Armor Level 1  
  41  9:15  Infested Bunker  
  49  9:42  Infested Bunker  
  39  10:16  Infested SCV x3  
  39  10:17  Infested SCV x2  
  44  10:25  Infested Marine  
  44  10:26  Infested Marine x15  
  44  10:27  Infested Marine x13  
  72  11:02  Infested SCV x4  
  72  11:03  Infested SCV  
  75  11:21  Infested Barracks  
  75  11:26  Infested Factory Tech Lab  
  75  11:33  Stukov Infantry Weapons Level 2  
  74  11:40  Infested Marine  
  74  11:41  Infested Marine x12  
  74  11:48  Infested Marine  
  74  11:49  Infested Marine  
  86  11:50  Infested Marine  
  86  11:55  Overlord x4  
  86  11:56  Overlord  
  82  12:05  Infested Marine  
  82  12:06  Infested Marine x2  
  66  12:13  Overlord  
  66  12:14  Overlord x2  
  66  12:15  Overlord x2  
  66  12:22  Infested Marine  
  66  12:23  Infested Marine x7  
  66  12:24  Infested Marine x11  
  77  13:05  Infested Bunker  
  77  13:08  Infested SCV  
  77  13:09  Infested SCV x2  
  84  13:10  Infested SCV  
  73  13:38  Infested Bunker  
  77  13:46  Infested SCV  
  77  13:47  Infested SCV  
  76  13:51  Infested Armory  
  57  14:01  Infested Marine  
  57  14:02  Infested Marine x10  
  57  14:03  Infested Marine x15  
  83  14:14  Infested Siege Tank x5  
  97  14:28  Infested Factory  
  97  14:38  Infested SCV x3  
  97  14:39  Infested SCV x2  
  102  14:43  Stukov Infantry Armor Level 2  
  105  15:21  Infested Bunker  
  81  15:55  Infested Siege Tank x3  
  81  15:56  Infested Siege Tank x2  
  95  16:38  Infested Bunker  
  99  16:46  Stukov Vehicle and Ship Weapons Level 1  
  99  16:55  Infested Bunker  
  103  17:53  Calcified Armor  
  97  18:36  Infested Marine x3  
  97  18:37  Infested Marine x2  
  102  18:53  Stukov Infantry Weapons Level 3  
  102  18:59  Infested Marine  
  101  19:00  Infested Marine x9  
  101  19:01  Infested Marine x15  
  124  19:11  Infested Marine  
  124  19:12  Infested Marine x21  
  124  19:13  Infested Marine x8  
  150  19:26  Stukov Vehicle and Ship Armor Level 1  
  150  19:28  Infested SCV x4  
  154  19:39  Infested Bunker  
  162  19:44  Infested Bunker  
  160  20:28  Infested Missile Turret  
  160  20:30  Infested SCV  
  160  20:31  Infested SCV x3  
  160  20:35  Infested Missile Turret  
  109  21:05  Infested Missile Turret  
  109  21:19  Infested Missile Turret  
  109  21:20  Infested Missile Turret  
  109  21:25  Infested Missile Turret  
  101  21:39  Infested Marine  
  102  21:40  Infested Marine x7  
  102  21:41  Infested Marine x20  
  129  22:01  Infested Missile Turret  
  133  22:12  Infested Bunker  
  133  22:15  Infested Missile Turret  
  133  22:23  Infested Refinery  
  133  22:29  Infested SCV x2  
  135  22:30  Infested SCV x2  
  135  22:33  Stukov Infantry Armor Level 3, Overlord x5  
  135  22:34  Overlord  
  137  22:43  Infested Bunker  
  137  22:48  Infested Bunker  
  145  22:53  Infested Missile Turret  
  145  23:00  Infested Missile Turret  
  145  23:03  Infested SCV  
  145  23:04  Infested SCV  
  145  23:09  Infested Marine  
  148  23:10  Infested Marine x22  
  148  23:11  Infested Marine x15  
  148  23:16  Infested Marine x3  
  148  23:17  Infested Marine x19  
  157  24:18  Infested Marine  
  157  24:19  Infested Marine x14  
  170  24:20  Infested Marine x8  
  172  24:45  Infested Marine x5  
  172  24:46  Infested Marine x21  
  172  24:47  Infested Marine x5  
  165  25:37  Infested Marine  
  165  25:38  Infested Marine x12  
  165  25:39  Infested Marine x17  
  166  26:11  Infested Marine  
  166  26:12  Infested Marine x14  
  166  26:13  Infested Marine x6  
Tags
 
Commander
FenixStukov
Matchup
Co-op
Replay Pack
Multiplayer
Add a new tag
Caveats
  • Supply blocks, unpowered buildings, or Contaminate may cause inaccurate times.
  • Supply counts are checked every 10 seconds.